 Dungeon Crawl Stone Soup version 0.25.1-2-g60ff931df9 (webtiles) character file.

Game seed: 6246686990878340680

823 soggyman666 the Grave Robber (level 7, 0/56 HPs)
             Began as a Deep Dwarf Necromancer on Nov 2, 2020.
             Was a Follower of Makhleb.
             Slain by a bullfrog (3 damage)
             ... on level 6 of the Dungeon.
             The game lasted 00:45:55 (5017 turns).

soggyman666 the Grave Robber (DDNe)                 Turns: 5017, Time: 00:45:56

Health: 0/56       AC:  5    Str: 12    XL:     7   Next: 63%
Magic:  12/13      EV: 13    Int: 15    God:    Makhleb [*.....]
Gold:   429        SH:  0    Dex: 15    Spells: 10/15 levels left

rFire    . . .     SeeInvis .   r - +4 short sword
rCold    . . .     Gourm    .   (no shield)
rNeg     . . .     Faith    .   i - +1 leather armour
rPois    .         Spirit   .   k - +0 helmet
rElec    .         Reflect  .   (no cloak)
rCorr    .         Harm     .   (no gloves)
MR       +....     Rnd*Tele +   (no boots)
Stlth    +++.......             (no amulet)
HPRegen  0.00/turn              p - ring of stealth
MPRegen  0.13/turn              o - ring of teleportation (curse)

@: non-regenerating
A: damage resistance, heal wounds, sense surroundings 1, no regeneration
a: Heal Wounds, Renounce Religion


You were on level 6 of the Dungeon.
You worshipped Makhleb.
Makhleb was aware of your devotion.
You were very hungry.

You visited 1 branch of the dungeon, and saw 6 of its levels.

You collected 429 gold pieces.

Inventory:

Hand Weapons
 r - a +4 short sword (weapon)
Armour
 i - a +1 leather armour (worn)
 k - a +0 helmet (worn)
Jewellery
 b - an uncursed ring of protection from cold
 o - a cursed ring of teleportation (right hand)
 p - a ring of stealth (left hand)
 q - a +6 ring of intelligence {unknown}
Wands
 a - a wand of random effects (19)
 u - a wand of enslavement (4)
Scrolls
 j - a scroll of enchant armour
 l - 2 scrolls of teleportation
 m - 3 scrolls of magic mapping
 v - a scroll of identify
Potions
 d - a potion of magic
 e - 2 potions of stabbing
 f - a potion of ambrosia {unknown}
 g - a potion of haste
 h - 2 potions of resistance
 n - 2 potions of flight
 s - 2 potions of might {unknown}
 t - a potion of brilliance {unknown}
Comestibles
 c - 6 rations


   Skills:
 + Level 0.7 Fighting
 - Level 1.3 Short Blades
 + Level 2.0 Armour
 + Level 2.9 Dodging
 + Level 2.8 Stealth
 + Level 0.2 Unarmed Combat
 + Level 4.7 Spellcasting
 + Level 7.2 Necromancy
 + Level 1.4 Evocations


You had 10 spell levels left.
You knew the following spells:

 Your Spells              Type           Power        Failure   Level  Hunger
a - Pain                  Necr           ####         1%          1    None
b - Vampiric Draining     Necr           ####......   3%          3    ###....
c - Animate Skeleton      Necr           N/A          1%          1    None

Your spell library contained the following spells:

 Spells                   Type           Power        Failure   Level  Hunger
 Animate Dead             Necr           N/A          11%         4    ####...
 Agony                    Necr           ####....     30%         5    ######.


Dungeon Overview and Level Annotations

Branches:
Dungeon (6/15)             Temple (0/1) D:4

Altars:
Makhleb
Nemelex Xobeh
Okawaru
Ru
Sif Muna


Innate Abilities, Weirdness & Mutations

You are resistant to damage.
You can heal yourself by infusing magical energy.
You passively map a small area around you.
You do not regenerate.


Message History

The centaur skeleton hits you.
* * * LOW HITPOINT WARNING * * *
Casting: Vampiric Draining (dangerous; 3% risk of failure)
Confirm with . or Enter, or press ? or * to list all spells.
Okay, then.
You completely miss the centaur skeleton.
The centaur skeleton is almost destroyed.
The centaur skeleton closely misses you.
You puncture the centaur skeleton!
You destroy the centaur skeleton!
Makhleb accepts your kill.
You feel better.
The bullfrog gives a loud, deep croak!
A giant cockroach comes into view.
The bullfrog hits you.
* * * LOW HITPOINT WARNING * * *
3 gnolls come into view.
Found a scroll of teleportation and a robe.
The bullfrog hits you!
You die...

* ...≈.... *
#..§≈... , ,
,........,
,.......§ , * *
......≈≈ ≈ * *
#§....?≈# * ,
###8≈....≈# ,,#
#.F§§§...≈# ,
.##.####.#@§.g..≈#
.........#......≈§
* *
##...s.##.......≈
, ,
#.....##......g.,
, , ,
#...#####[.≈≈...,
* *#... #..≈... ,
#.. #...g. , #.# *
** ..... #.* , ,
,, ,


You could see a bullfrog and 3 gnolls.

Vanquished Creatures
  2 ogres
  A centaur (D:5)
  A crimson imp (D:5)
  4 orc priests
  2 hounds
  A centaur skeleton (D:6)
  2 bullfrog skeletons (D:5)
  Ijyb (D:4)
  An orc wizard (D:5)
  A worker ant (D:4)
  4 gnolls
  10 adders
  2 oozes
  2 adder skeletons (D:4)
  A worm (D:3)
  2 dart slugs
  7 leopard geckos
  11 orcs
  3 giant cockroaches
  5 goblins
  5 hobgoblins
  2 jackals (D:1)
  2 ball pythons (D:2)
  3 bats
  5 frilled lizards
  7 kobolds
  2 quokka skeletons (D:4)
  A rat (D:2)
90 creatures vanquished.

Vanquished Creatures (collateral kills)
  A giant cockroach (D:4)
1 creature vanquished.

Grand Total: 91 creatures vanquished

Notes
Turn   | Place    | Note
-------+----------+-------------------------------------------
     0 | D:1      | soggyman666 the Deep Dwarf Necromancer began the quest for
                  | the Orb.
     0 | D:1      | Reached XP level 1. HP: 15/15 MP: 3/3
   255 | D:1      | Reached XP level 2. HP: 22/22 MP: 1/4
   535 | D:1      | Reached skill level 5 in Necromancy
  1025 | D:2      | Reached XP level 3. HP: 19/28 MP: 2/6
  1135 | D:2      | Learned a level 3 spell: Vampiric Draining
  1245 | D:2      | Reached XP level 4. HP: 19/36 MP: 7/7
  2590 | D:3      | Reached XP level 5. HP: 6/42 MP: 0/9
  2665 | D:3      | Found a burning altar of Makhleb.
  2666 | D:3      | Noticed an Executioner
  2669 | D:3      | Noticed a neqoxec
  2669 | D:3      | Noticed a ynoxinul
  2675 | D:3      | Became a worshipper of Makhleb the Destroyer
  2880 | D:4      | Noticed an ogre
  2888 | D:4      | Killed an ogre
  2888 | D:4      | Reached skill level 6 in Necromancy
  2957 | D:4      | Reached XP level 6. HP: 45/49 MP: 1/10
  3033 | D:4      | Found a staircase to the Ecumenical Temple.
  3282 | D:4      | Learned a level 1 spell: Animate Skeleton
  3356 | D:4      | Reached skill level 1 in Armour
  3427 | D:4      | Noticed Ijyb
  3446 | D:4      | Killed Ijyb
  3771 | D:4      | Found an iron altar of Okawaru.
  3797 | D:4      | Found a sparkling altar of Nemelex Xobeh.
  3911 | D:5      | Entered Level 5 of the Dungeon
  3952 | D:5      | Reached skill level 1 in Short Blades
  3955 | D:5      | Reached * piety under Makhleb
  3979 | D:4      | Reached XP level 7. HP: 27/56 MP: 0/12
  4275 | D:5      | Found a sacrificial altar of Ru.
  4282 | D:5      | Reached skill level 1 in Evocations
  4480 | D:5      | Reached skill level 7 in Necromancy
  4873 | D:5      | Found a shimmering blue altar of Sif Muna.
  4874 | D:5      | Found a sacrificial altar of Ru.
  5017 | D:6      | Slain by a bullfrog

Illustrated notes

Levels and vault maps discovered:
D:1:      nzn_arrival_water_spiral, layout_loops_ring, minmay_tree_intersection,
          patterned_corridor
D:2:      layout_rooms, wander_ebering_terrifying_dragon_lair
D:3:      layout_basic, makhleb_altar_promises_db, minmay_statues_item
D:4:      layout_loops_ring, nemelex_xobeh_ov_fountains_minmay,
          okawaru_gym_becter, minmay_temple_entry_tees, uniq_ijyb
D:5:      layout_basic, minitemple, first_ration, kennysheep_flooded_box,
          kennysheep_minor_cross
D:6:      layout_rooms, kennysheep_decorative_pillar, hangedman_decor_points,
          uniq_menkaure

Skill      XL: |  1  2  3  4  5  6  7 |
---------------+----------------------+-----
Necromancy     | 5 6 7 |  7.2
Spellcasting   | 2 3 4 |  4.7
Armour         | 1 2 |  2.0
Short Blades   | 1 |  1.3
Evocations     | 1 |  1.4
Fighting       | |  0.7
Dodging        | |  2.9
Stealth        | |  2.8
Unarmed Combat | |  0.2

Action                   |  1- 3 |  4- 6 |  7- 9 || total
-------------------------+-------+-------+-------++-------
Melee: Unarmed           |     5 |       |       ||     5
       Dagger            |    27 |    22 |       ||    49
       Short sword       |       |    63 |    43 ||   106
 Cast: Pain              |    44 |    47 |    24 ||   115
       Vampiric Draining |     1 |    28 |    12 ||    41
       Animate Skeleton  |       |     2 |     8 ||    10
 Abil: Heal Wounds       |       |     1 |       ||     1
Evoke: Wand              |       |     2 |       ||     2
  Use: Scroll            |     4 |    10 |       ||    14
 Stab: Distracted        |       |       |     1 ||     1
  Eat: Chunk             |     2 |    11 |     4 ||    17
Armor: Leather armour    |    13 |    25 |    11 ||    49
Dodge: Dodged            |    22 |    67 |    39 ||   128
